 Dungeon Crawl Stone Soup version 0.20-a0-1006-ge6c5631 (webtiles) character file.

1233 Murumi the Covert (level 8, -6/69 HPs)
             Began as a Naga Enchanter on Apr 13, 2017.
             Mangled by a gnoll
             ... wielding a +0 flail
              (7 damage)
             ... on level 5 of the Dungeon.
             The game lasted 00:21:46 (5364 turns).

Murumi the Covert (Naga Enchanter)                  Turns: 5364, Time: 00:21:47

Health: -6/69      AC:  4    Str: 11    XL:     8   Next: 48%
Magic:  21/21      EV: 10    Int: 16    God:
Gold:   313        SH:  0    Dex: 13    Spells: 8/13 levels left

rFire    . . .     SeeInvis +   a - +1 dagger
rCold    . . .     Gourm    .   (no shield)
rNeg     + . .     Faith    .   b - +0 robe
rPois    +         Spirit   .   (no helmet)
rElec    .         Reflect  .   n - +0 cloak
rCorr    .         Harm     .   (no gloves)
MR       +....                  (no barding)
Stlth    +++++.....             (no amulet)
Regen    0.3/turn               o - ring of positive energy
MPRegen  0.2/turn               e - ring of magical power

@: very slow
A: see invisible, deformed body, poison resistance, slowness 2, slow metabolism
1, spit poison 1, AC +2
a: Spit Poison


You were on level 5 of the Dungeon.
You were not hungry.

You visited 1 branch of the dungeon, and saw 5 of its levels.

You collected 313 gold pieces.

Inventory:

Hand Weapons
 a - a +1 dagger (weapon)
Armour
 b - a +0 robe (worn)
 n - a +0 cloak (worn)
Jewellery
 e - a ring of magical power (right hand)
 o - a ring of positive energy (left hand)
Wands
 p - a wand of enslavement (15/24)
Scrolls
 h - 2 scrolls of teleportation
 i - a scroll of remove curse
 j - a scroll of fog
 m - 2 scrolls of amnesia
 v - a scroll of magic mapping
 w - a scroll of fear
Potions
 g - 3 potions of curing
 k - a potion of brilliance
 l - a potion of ambrosia
 q - a potion of degeneration {unknown}
 s - a potion of haste {unknown}
 u - a potion of heal wounds {unknown}
Books
 c - a book of Maledictions

   Spells                             Type                      Level
   a - Corona                         Hexes                        1
   b - Ensorcelled Hibernation        Hexes/Ice                    2
   c - Confuse                        Hexes                        3
   d - Tukima's Dance                 Hexes                        3
   e - Dazzling Spray                 Conjuration/Hexes            3
Comestibles
 d - 2 bread rations
 f - 3 fruits
 r - 2 meat rations
 t - a royal jelly
 x - 2 chunks of flesh


   Skills:
 - Level 3.0 Fighting
 - Level 4.2 Short Blades
 - Level 2.1 Dodging
 + Level 12.3 Stealth
 - Level 3.0 Spellcasting
 - Level 3.0 Hexes


You had 8 spell levels left.
You knew the following spells:

 Your Spells              Type           Power        Failure   Level  Hunger
a - Confuse               Hex            ##......     17%         3    ###....
b - Ensorcelled Hibernat  Hex/Ice        #.....       17%         2    ##.....


Dungeon Overview and Level Annotations

Branches:
Dungeon (5/15)
 Temple: D:4-7

Altars:
Ashenzari
Makhleb
Trog


Innate Abilities, Weirdness & Mutations

You cannot wear boots.
Your serpentine skin is tough. (AC +2)
You have supernaturally acute eyesight. (SInv)
Armour fits poorly on your strangely shaped body.
Your system is resistant to poisons. (rPois)
You cover ground very slowly.
You have a slow metabolism.
You can spit poison.


Message History

You bump into the rock wall.
The gnoll misses you. The gnoll barely misses you.
The gnoll hits you with a flail!
You bump into the rock wall.
The gnoll hits you from afar with a spear.
The gnoll hits you from afar with a halberd!
* * * LOW HITPOINT WARNING * * *
The gnoll barely misses you.
You bump into the rock wall.
The gnoll hits you from afar with a spear.
* * * LOW HITPOINT WARNING * * *
The gnoll closely misses you. The gnoll hits you with a flail.
* * * LOW HITPOINT WARNING * * *
You bump into the rock wall.
You feel less invigorated.
You feel less confused.
The gnoll hits you from afar with a spear.
* * * LOW HITPOINT WARNING * * *
The gnoll hits you from afar with a halberd!
* * * LOW HITPOINT WARNING * * *
The gnoll hits you with a flail!
You die...

######### ####
######.......# ###...#
.............#####.....#
####.#<.......)........###
###.##....................
....##.......#####........
##..##..........@ggl...##.
##.#.#.......#####g.####
...##....##### #..#
#######..# #.... #..#
#g.### #..# #.[# #..# #..#
#..# #....# #... #.#


You could see 3 gnolls and a frilled lizard.

Vanquished Creatures
  Sigmund (D:2)
  Eustachio (D:4)
  An ice beast (D:5)
  An ogre (D:4)
  A centaur (D:5)
  A bullfrog (D:4)
  Crazy Yiuf (D:2)
  2 hounds
  3 orc wizards
  A bullfrog skeleton (D:5)
  An iguana (D:5)
  Jessica (D:3)
  Natasha (thrice) (D:2)
  Terence (D:3)
  3 worker ants
  7 adders
  A howler monkey skeleton (D:5)
  An ooze (D:1)
  4 dart slugs
  9 leopard geckos
  8 orcs
  5 ball pythons
  6 bats
  4 giant cockroaches
  11 hobgoblins
  16 jackals
  3 frilled lizards
  13 goblins
  9 kobolds
  13 rats
132 creatures vanquished.

Notes
Turn   | Place    | Note
-------+----------+-------------------------------------------
     0 | D:1      | Murumi the Naga Enchanter began the quest for the Orb.
     0 | D:1      | Reached XP level 1. HP: 15/15 MP: 3/3
   251 | D:1      | Reached XP level 2. HP: 22/22 MP: 5/5
   458 | D:1      | Reached skill level 5 in Stealth
   582 | D:1      | Learned a level 2 spell: Ensorcelled Hibernation
   654 | D:1      | Reached skill level 1 in Fighting
   784 | D:1      | Reached XP level 3. HP: 25/31 MP: 6/6
   846 | D:1      | Learned a level 3 spell: Confuse
   952 | D:1      | Found a shattered altar of Ashenzari.
  1624 | D:2      | Noticed Natasha
  1629 | D:2      | Killed Natasha
  1629 | D:2      | Reached skill level 6 in Stealth
  1629 | D:2      | Reached XP level 4. HP: 38/38 MP: 7/7
  1679 | D:2      | Noticed Natasha
  1686 | D:2      | Killed Natasha
  1686 | D:2      | Reached skill level 7 in Stealth
  1789 | D:2      | Noticed Sigmund
  1799 | D:2      | Killed Sigmund
  1799 | D:2      | Reached skill level 9 in Stealth
  1799 | D:2      | Reached XP level 5. HP: 42/44 MP: 8/8
  1799 | D:2      | Reached XP level 6. HP: 48/51 MP: 8/9
  2018 | D:2      | Noticed Natasha
  2027 | D:2      | Killed Natasha
  2027 | D:2      | Reached skill level 10 in Stealth
  2123 | D:2      | Found a burning altar of Makhleb.
  2411 | D:2      | Found a runed door.
  2415 | D:2      | Noticed Crazy Yiuf
  2419 | D:2      | Killed Crazy Yiuf
  2596 | D:3      | Noticed Jessica
  2600 | D:3      | Killed Jessica
  2788 | D:3      | Noticed Terence
  2790 | D:3      | Killed Terence
  2816 | D:3      | Reached XP level 7. HP: 59/62 MP: 10/10
  2967 | D:3      | Found a bloodstained altar of Trog.
  3868 | D:4      | Reached skill level 11 in Stealth
  4152 | D:4      | Noticed Eustachio
  4172 | D:4      | Killed Eustachio
  4233 | D:4      | Reached skill level 12 in Stealth
  4378 | D:4      | Reached XP level 8. HP: 38/69 MP: 11/11
  4818 | D:5      | Entered Level 5 of the Dungeon
  5364 | D:5      | HP: 1/69 [gnoll/halberd (11)]
  5364 | D:5      | Mangled by a gnoll

Vault maps used:
D:1:      lemuel_arrival_river_ford, evilmike_ruin_ashenzari
D:2:      old_standard_altar, uniq_crazy_yiuf_cottage, uniq_natasha,
          uniq_sigmund
D:3:      first_bread, trog_hazing_becter, uniq_jessica, uniq_terence
D:4:      uniq_eustachio

Skill      XL: |  1  2  3  4  5  6  7  8 |
---------------+-------------------------+-----
Dodging        | 2 |  2.1
Stealth        | 5 6 9 10 12 | 12.3
Fighting       | 1 3 |  3.0
Short Blades   | 2 4 |  4.2
Spellcasting   | 3 |  3.0
Hexes          | |  3.0

Action                   |  1- 3 |  4- 6 |  7- 9 || total
-------------------------+-------+-------+-------++-------
Melee: Dagger            |    63 |   106 |   158 ||   327
 Cast: Ensorcelled Hiber |     3 |    17 |    33 ||    53
       Confuse           |       |       |     1 ||     1
 Abil: Spit Poison       |    14 |    18 |    20 ||    52
  Use: Scroll            |     5 |     3 |     3 ||    11
       Potion            |       |       |     1 ||     1
 Stab: Distracted        |     1 |       |     1 ||     2
       Sleeping          |     9 |    19 |    24 ||    52
       Confused          |       |       |     1 ||     1
  Eat: Chunk             |     2 |     6 |    10 ||    18
Armor: Robe              |     5 |    42 |    56 ||   103
Dodge: Dodged            |    30 |    52 |    98 ||   180
